 Dungeon Crawl Stone Soup version 0.32-a0-42-ga30500b4d3 (webtiles) character file.

Game seed: 7120531223128822511

25706 Newt the Fighter (level 13, -11/91 HPs)
             Began as a Gargoyle Monk on Jan 31, 2024.
             Was the Champion of Okawaru.
             Shot with an arrow by a centaur warrior (18 damage)
             ... on level 11 of the Dungeon.
             The game lasted 00:19:19 (12102 turns).

Newt the Fighter (Gargoyle Monk)                   Turns: 12102, Time: 00:19:20

Health: -11/91     AC: 39    Str: 36    XL:     13   Next: 21%
Magic:  0/19       EV: 12    Int: 10    God:    Okawaru [******]
Gold:   2804       SH:  0    Dex: 15    Spells: 12/12 levels left

rFire   . . .        k - +9 eveningstar of Friendship {spect, rElec Will++ Str+3 Stlth-}
rCold   . . .        d - orb {light}
rNeg    + + .        W - +21 Cigotuvi's embrace {Corpsefed rMiasma ^Drain rN+}
rPois   ∞            (no helmet)
rElec   +            t - +0 cloak "Kuxepnah" {Dex+3}
rCorr   .            h - +0 pair of gloves
SInv    .            j - +0 pair of boots
Will    +++..        Y - amulet of guardian spirit Stlth
                     G - +6 ring of strength
HPRegen 0.35/turn    B - ring "Geginu" {Will+ Str+6}
MPRegen 0.16/turn

%: guardian spirit
@: glowing
A: sickness immunity, AC +9, negative energy resistance 1, electricity
resistance, torment resistance 1, petrification resistance
a: Renounce Religion, Heroism, Finesse, Duel


You were on level 11 of the Dungeon.
You worshipped Okawaru.
Okawaru was exalted by your worship.
You visited 2 branches of the dungeon, and saw 12 of its levels.
You also visited: Ossuary.

You collected 3103 gold pieces.
You spent 299 gold pieces at shops.

Inventory:

Hand Weapons
 k - the +9 eveningstar of Friendship (weapon) {spect, rElec Will++ Str+3 Stlth-}
   (Okawaru gifted it to you on level 11 of the Dungeon)

   Str+3:     It affects your strength (+3).
   rElec:     It insulates you from electricity.
   Will++:    It greatly increases your willpower.
   Stlth-:    It makes you less stealthy.
Missiles
 o - 23 poisoned darts
 u - 7 atropa-tipped darts
 w - 4 javelins
 F - 11 boomerangs (quivered)
Armour
 d - an orb of light (worn)
 h - a +0 pair of gloves (worn)
 j - a +0 pair of boots (worn)
 r - a +0 cloak
 t - the +0 cloak "Kuxepnah" (worn) {Dex+3}
   (Okawaru gifted it to you on level 11 of the Dungeon)

   Dex+3:     It affects your dexterity (+3).
 W - the +21 Cigotuvi's embrace (worn) {Corpsefed rMiasma ^Drain rN+}
   (You found it on level 9 of the Dungeon)

   Corpsefed: It gathers nearby corpses to temporarily increase the armour it
   provides.
   rMiasma:   It protects you from foul pestilence.
   rN+:       It protects you from negative energy.
   ^Drain:    It drains your maximum health when unequipped.
Jewellery
 b - a ring of resist corrosion
 z - a ring of ice
 B - the ring "Geginu" (right hand) {Will+ Str+6}
   (You took it off a centaur warrior on level 11 of the Dungeon)

   [ring of strength]

   Str+6:     It affects your strength (+6).
   Will+:     It increases your willpower.
 G - a +6 ring of strength (left hand)
 Q - a ring of fire
 V - a ring of protection from fire
 Y - an amulet of guardian spirit (around neck)
Wands
 v - a wand of digging (2)
 S - a wand of iceblast (8)
 X - a wand of mindburst (8)
Scrolls
 c - 3 scrolls of fog
 f - 2 scrolls of revelation
 p - a scroll of amnesia
 s - 3 scrolls of teleportation
 y - a scroll of poison
 H - a scroll of immolation {unknown}
 L - a scroll of enchant weapon {unknown}
 M - a scroll of enchant armour {unknown}
 R - 2 scrolls of fear {unknown}
 T - a scroll of vulnerability
 U - a scroll of butterflies {unknown}
Potions
 e - a potion of magic
 g - a potion of haste
 l - 4 potions of attraction
 q - 2 potions of resistance
 x - 2 potions of enlightenment
 A - a potion of brilliance
 C - a potion of degeneration
 D - 2 potions of lignification
 E - 2 potions of mutation
 I - a potion of curing
 N - a potion of berserk rage {unknown}
 O - 2 potions of heal wounds {unknown}
Miscellaneous
 a - a lightning rod (4/4)


   Skills:
 + Level 14.3 Fighting
 * Level 8.4 Maces & Flails
 - Level 8.0 Throwing
 - Level 9.2 Armour
 - Level 2.4 Dodging
 - Level 8.7 Invocations
 - Level 6.6 Evocations


You had 12 spell levels left.
You didn't know any spells.
Your spell library contained the following spells:

 Spells                   Type           Power      Damage    Failure   Level
 Kiss of Death            Conj/Necr      0%         2d5       38%         1
 Magic Dart               Conj           0%         1d3       38%         1
 Searing Ray              Conj           0%         2d4       52%         2
 Confusing Touch          Hex            0%         N/A       77%         3
 Gell's Gravitas          Tloc           0%         N/A       77%         3
 Hailstorm                Conj/Ice       0%         3d5       77%         3
 Sigil of Binding         Hex            0%         N/A       77%         3
 Teleport Other           Tloc           0%         N/A       77%         3
 Dimensional Bullseye     Hex/Tloc       0%         N/A       99%         4
 Dispel Undead            Necr           0%         3d6       99%         4
 Fulminant Prism          Conj/Alch      0%         3d5       99%         4
 Dispersal                Tloc           0%         N/A       100%        6
 Call Canine Familiar     Summ           Unusable   N/A       N/A         3
 Summon Ice Beast         Ice/Summ       Unusable   N/A       N/A         3
 Sculpt Simulacrum        Ice/Alch       Unusable   N/A       N/A         6

Dungeon Overview and Level Annotations

Branches:
Dungeon (11/15)            Temple (1/1) D:5            Lair (0/5) D:10
    Orc (0/2) D:9         Ossuary (visited)

Altars:
Ashenzari
Cheibriados
Dithmenos
Elyvilon
Fedhas
Gozag
Hepliaklqana
Kikubaaqudgha
Makhleb
Nemelex Xobeh
Okawaru
Qazlal
Ru
Sif Muna
Trog
Uskayaw
Vehumet
Wu Jian
Xom
Yredelemnul
Zin
The Shining One

Shops:
D:2 (


Innate Abilities, Weirdness & Mutations

You are immune to sickness and miasma.
Your stone body is resilient. (AC +9)
You are immune to poison.
You resist negative energy. (rN+)
You are resistant to electric shocks. (rElec)
You are resistant to unholy torment.
You are immune to petrification.


Message History

a +0 mace; a +0 chain mail Unknown command.
The deep elf pyromancer hits you but does no damage.
The centaur warrior shoots an arrow.
The arrow hits you!
Unknown command.
You barely miss the deep elf pyromancer.
Your +9 eveningstar of Friendship {spect, rElec Will++ Str+3 Stlth-} hits the deep elf pyromancer!!
The centaur warrior shoots an arrow.
The arrow misses your +9 eveningstar of Friendship {spect, rElec Will++ Str+3 Stlth-}.
The arrow hits you.
* * * LOW HITPOINT WARNING * * *
The deep elf pyromancer barely misses your +9 eveningstar of Friendship {spect, rElec Will++ Str+3 Stlth-}.
The deep elf pyromancer hits you but does no damage.
The centaur warrior unwields a +0 orcbow.
The centaur warrior closely misses your +9 eveningstar of Friendship {spect, rElec Will++ Str+3 Stlth-}.
The centaur warrior kicks your +9 eveningstar of Friendship {spect, rElec Will++ Str+3 Stlth-} but does no damage.
Unknown command.
You catch the helpless deep elf pyromancer completely off-guard!
You sock the deep elf pyromancer!
The deep elf pyromancer is almost dead.
Your +9 eveningstar of Friendship {spect, rElec Will++ Str+3 Stlth-} hits the deep elf pyromancer!
You kill the deep elf pyromancer!
Okawaru accepts your kill.
Your shell of carrion and bone grows thicker.
A two-headed ogre comes into view.
It is wielding a +0 giant spiked club and a +0 giant club.
The centaur warrior wields a +0 orcbow.
The centaur warrior shoots an arrow.
The arrow hits you!
* * * LOW HITPOINT WARNING * * *
Unknown command.
Your +9 eveningstar of Friendship {spect, rElec Will++ Str+3 Stlth-} disappears.
A chunk of your corpse armour falls away.
The centaur warrior shoots an arrow.
The arrow hits you!
* * * LOW HITPOINT WARNING * * *
Unknown command.
Unknown command.
Okay, then.
You feel better.
The centaur warrior shoots an arrow.
The arrow hits you.
* * * LOW HITPOINT WARNING * * *
The centaur warrior shoots an arrow.
The arrow hits you!!
You die...

####.#### . ..8.8.8.#
.. #..8.8..## ..
#.8.8.8...
#O###..8.8..###
#....c8.8.8...#.
#......$...#...# .
#@.###.#8.8#..
#.#)#(#......#
#.#.#=#.#8.8#
.##)....#...# .#
#.......#### #. .#
#..##.##...# #..
.#.###.##)(...#### #
.# #.#...##.###...#. #
####.#.....)...##.####


You could see a centaur warrior and a two-headed ogre.

Vanquished Creatures
  An ogre mage (D:11)
  3 centaur warriors
  2 boulder beetles (D:11)
  6 two-headed ogres
  A tengu warrior (D:11)
  2 skeletal warriors
  An arcanist (D:11)
  A deep elf pyromancer (D:11)
  3 ugly things (D:11)
  3 cyclopes (D:11)
  2 manticores (D:11)
  A meliai (D:11)
  A gargoyle (D:10)
  2 unseen horrors
  A komodo dragon (D:11)
  A centaur skeleton (D:9)
  3 hellwings (D:8)
  2 trolls (D:8)
  A harpy skeleton (D:9)
  4 shadows
  2 vampires (D:11)
  Eustachio (D:5)
  13 yaks
  A wraith (D:11)
  5 steam dragons
  2 wyverns
  A warg (D:10)
  2 vampire mosquitoes
  2 acid dragons
  3 water moccasins (D:8)
  3 orc warriors
  3 sky beasts
  A laughing skull (D:11)
  3 ice beasts
  2 ogres (D:5)
  2 black bears
  2 wolves (D:10)
  2 centaurs (D:8)
  An elf zombie (Ossuary)
  8 bullfrogs
  2 gnoll sergeants
  3 scorpions
  16 wights
  A killer bee (D:8)
  3 bombardier beetles
  3 howler monkeys
  A gnoll bouda (D:8)
  2 human zombies (Ossuary)
  4 centaur zombies
  3 hounds
  8 orc priests
  5 iguanas
  A sleepcap (D:7)
  Natasha (thrice) (D:3)
  A scorpion zombie (D:5)
  8 orc wizards
  8 hound zombies (Ossuary)
  A hound skeleton (D:5)
  2 mummies (Ossuary)
  8 gnolls
  6 adders
  A shadow imp (D:8)
  A white imp (D:7)
  2 ufetubi (D:5)
  6 adder zombies (Ossuary)
  5 adder skeletons (D:5)
  6 dart slugs
  3 ribbon worms
  30 orcs
  5 bats
  7 endoplasms
  6 giant cockroaches
  8 gnoll zombies (Ossuary)
  5 goblins
  4 hobgoblins
  4 jackals (D:5)
  5 kobolds
  7 quokkas (D:5)
  4 ball pythons
  2 frilled lizards (D:2)
  4 jackal zombies (Ossuary)
  2 kobold zombies (Ossuary)
  3 orc zombies (Ossuary)
  5 rats
314 creatures vanquished.

Notes
Turn   | Place    | Note
-------+----------+-------------------------------------------
     0 | D:1      | Newt the Gargoyle Monk began the quest for the Orb.
     0 | D:1      | Reached XP level 1. HP: 14/14 MP: 1/1
   113 | D:1      | Reached XP level 2. HP: 14/19 MP: 2/2
   332 | D:1      | Reached XP level 3. HP: 24/24 MP: 3/3
   621 | D:1      | Found a faded altar of an unknown god.
   827 | D:2      | Found Buttuajo's Antique Weapon Boutique.
   845 | D:2      | Identified 2 scrolls of acquirement
   845 | D:2      | Acquired 1037 gold pieces
   850 | D:2      | Bought a glowing mace for 138 gold pieces
   850 | D:2      | Bought a runed morningstar for 161 gold pieces
   851 | D:2      | Acquired 772 gold pieces
  1132 | D:2      | Reached skill level 4 in Fighting
  1132 | D:2      | Reached XP level 4. HP: 11/29 MP: 4/4
  1144 | D:3      | Noticed Natasha
  1160 | D:3      | Killed Natasha
  1324 | D:2      | Reached XP level 5. HP: 29/34 MP: 5/5
  1613 | D:3      | Noticed Natasha
  1621 | D:3      | Killed Natasha
  1622 | D:3      | Reached skill level 5 in Maces & Flails
  1649 | D:3      | Found a broken altar of Ashenzari.
  1650 | D:3      | Found a bloodstained altar of Trog.
  1792 | D:3      | Noticed Natasha
  1796 | D:3      | Killed Natasha
  2119 | D:4      | Noticed a black bear
  2133 | D:4      | Killed a black bear
  2134 | D:4      | Reached skill level 5 in Fighting
  2134 | D:4      | Reached XP level 6. HP: 34/40 MP: 6/6
  2253 | D:4      | Reached skill level 1 in Throwing
  2744 | D:5      | Entered Level 5 of the Dungeon
  2770 | D:5      | Noticed a black bear
  2778 | D:5      | Killed a black bear
  2779 | D:5      | Reached XP level 7. HP: 21/45 MP: 7/7
  3063 | D:5      | Noticed Eustachio
  3080 | D:5      | Found a sand-covered staircase.
  3104 | D:5      | Killed Eustachio
  3105 | D:5      | Reached skill level 6 in Fighting
  3106 | Ossuary  | Entered an ossuary
  3225 | Ossuary  | Reached XP level 8. HP: 50/52 MP: 8/8
  3259 | Ossuary  | Reached skill level 1 in Armour
  3355 | Ossuary  | Reached skill level 7 in Fighting
  3772 | D:5      | Found a staircase to the Ecumenical Temple.
  3792 | Temple   | Entered the Ecumenical Temple
  3800 | Temple   | Became a worshipper of Warmaster Okawaru
  3800 | Temple   | Reached * piety under Okawaru
  3800 | Temple   | Reached ** piety under Okawaru
  3812 | D:5      | Reached skill level 5 in Armour
  4296 | D:6      | Reached XP level 9. HP: 59/59 MP: 9/9
  4757 | D:6      | Reached skill level 8 in Fighting
  5072 | D:6      | Identified the +1 flail "Izakis" {drain, Str+5 Dex-4}
  5132 | D:7      | Reached skill level 5 in Throwing
  5632 | D:8      | Reached *** piety under Okawaru
  5841 | D:8      | Found a stormy altar of Qazlal.
  6028 | D:8      | Reached skill level 9 in Fighting
  6245 | D:8      | Noticed a two-headed ogre
  6269 | D:8      | Killed a two-headed ogre
  6269 | D:8      | Reached **** piety under Okawaru
  6270 | D:8      | Reached XP level 10. HP: 33/67 MP: 10/10
  6404 | D:8      | Noticed a two-headed ogre
  6418 | D:8      | Reached skill level 1 in Invocations
  6491 | D:8      | Killed a two-headed ogre
  6492 | D:8      | Reached skill level 10 in Fighting
  6846 | D:8      | Reached ***** piety under Okawaru
  6871 | D:8      | Noticed a two-headed ogre
  6875 | D:8      | Killed a two-headed ogre
  6876 | D:8      | Reached skill level 5 in Invocations
  7028 | D:8      | Noticed a centaur warrior
  7033 | D:8      | Killed a centaur warrior
  7034 | D:8      | Reached skill level 11 in Fighting
  7034 | D:8      | Reached XP level 11. HP: 39/74 MP: 14/16
  7648 | D:9      | Received a gift from Okawaru
  8334 | D:9      | Found a white marble altar of Elyvilon.
  8978 | D:9      | Received a gift from Okawaru
  9164 | D:9      | Found the +4 Cigotuvi's embrace {Corpsefed rMiasma ^Drain
                  | rN+}
  9760 | D:8      | Reached skill level 12 in Fighting
  9950 | D:9      | Found a staircase to the Orcish Mines.
 10047 | D:10     | Entered Level 10 of the Dungeon
 10059 | D:10     | Found a staircase to the Lair.
 10266 | D:10     | Noticed a two-headed ogre
 10274 | D:10     | Killed a two-headed ogre
 10347 | D:10     | Found an opulent altar of Gozag.
 10467 | D:10     | Reached XP level 12. HP: 82/82 MP: 18/18
 10534 | D:10     | Reached skill level 1 in Evocations
 10584 | D:10     | Found a blossoming altar of Fedhas.
 10925 | D:11     | Received a gift from Okawaru
 11098 | D:11     | Noticed a two-headed ogre
 11101 | D:11     | Killed a two-headed ogre
 11101 | D:11     | Identified the ring "Geginu" {Will+ Str+6}
 11101 | D:11     | Noticed a centaur warrior
 11105 | D:11     | Noticed an ogre mage
 11128 | D:11     | Killed a centaur warrior
 11129 | D:11     | Reached skill level 13 in Fighting
 11146 | D:11     | Killed an ogre mage
 11147 | D:11     | Reached skill level 5 in Evocations
 11162 | D:10     | HP: 3/84 [skeletal warrior/+0 long sword (10)]
 11348 | D:11     | Reached ****** piety under Okawaru
 11409 | D:11     | Acquired the +9 eveningstar of Friendship {spect, rElec
                  | Will++ Str+3 Stlth-}
 11409 | D:11     | Received a gift from Okawaru
 11412 | D:11     | Acquired the +0 cloak "Kuxepnah" {Dex+3}
 11412 | D:11     | Received a gift from Okawaru
 11439 | D:11     | Received a gift from Okawaru
 11554 | D:11     | Noticed a boulder beetle
 11565 | D:11     | Killed a boulder beetle
 11650 | D:11     | Identified the +5 mace "Kyim" {flame, rF+}
 11650 | D:11     | Noticed a centaur warrior
 11655 | D:11     | Killed a centaur warrior
 11657 | D:11     | Noticed a two-headed ogre
 11667 | D:11     | Killed a two-headed ogre
 11777 | D:11     | Received a gift from Okawaru
 11894 | D:11     | Noticed a boulder beetle
 11906 | D:11     | Killed a boulder beetle
 11907 | D:11     | Reached skill level 14 in Fighting
 11907 | D:11     | Reached XP level 13. HP: 58/90 MP: 13/19
 12101 | D:11     | HP: 1/91 [centaur warrior/arrow (12)]
 12102 | D:11     | Shot with an arrow by a centaur warrior

Illustrated notes

Levels and vault maps discovered:
D:1:      lightli_arrival_statuegarden, layout_basic,
          dreamdust_ecumenical_altar_hidden_monk_grotto, serial_forest,
          infiniplex_forest_end_2, infiniplex_forest_clump_small,
          infiniplex_forest_straight_4, infiniplex_forest_lined_room_3,
          infiniplex_forest_straight_2, infiniplex_forest_clump_small,
          infiniplex_forest_lined_1, infiniplex_forest_lined_room_,
          infiniplex_forest_lined_corner, infiniplex_forest_straight_1,
          kennysheep_crisscross
D:2:      layout_rooms, serial_shops, nicolae_shop_trees
D:3:      layout_basic, mainiacjoe_overflow_catwalk_spiral, uniq_pargi,
          uniq_natasha
D:4:      layout_basic, minmay_box_of_dots
D:5:      layout_loops_ring, temple_doors_e,
          mainiacjoe_ossuary_entry_find_the_door, gup_sewer_entry_pipe,
          hangedman_decor_push, uniq_eustachio
D:6:      layout_cave_pods, nicolae_benzene_ring
D:7:      layout_cave_pools
D:8:      minmay_quarter_circles, layout_rooms,
          nicolae_qazlal_beasts_of_the_sky, nicolae_figureground_pulse
D:9:      layout_rooms, general_overflow_altar, orc_0_dummy,
          hellmonk_guarded_unrand_cigotuvi
D:10:     layout_rooms, mainiacjoe_overflow_catch_the_wave,
          erik_lair_orcish_takeover, serial_bayou_lagoon_a
D:11:     minmay_the_grid_square_5x5_5x5_mashed [minmay_the_grid_square_5x5_meh,
          minmay_the_grid_square_5x5_doubleslash,
          minmay_the_grid_square_5x5_three, minmay_the_grid_square_5x5_percent,
          minmay_the_grid_square_5x5_slash,
          minmay_the_grid_square_5x5_two_walls_a,
          minmay_the_grid_square_5x5_prize_gold,
          minmay_the_grid_square_5x5_broken_cross,
          minmay_the_grid_square_5x5_prize_pseudospiral,
          minmay_the_grid_square_5x5_six, minmay_the_grid_square_5x5_minimal,
          minmay_the_grid_square_5x5_inner_v,
          minmay_the_grid_square_5x5_prize_waves,
          minmay_the_grid_square_5x5_almost_minimal,
          minmay_the_grid_square_5x5_two_small,
          minmay_the_grid_square_5x5_seven,
          minmay_the_grid_square_5x5_prize_deathbox,
          minmay_the_grid_square_5x5_fancy_junction,
          minmay_the_grid_square_5x5_prize_snowflake,
          minmay_the_grid_square_5x5_minibox, minmay_the_grid_square_5x5_spiral,
          minmay_the_grid_square_5x5_checkered_statues,
          minmay_the_grid_square_5x5_forky,
          minmay_the_grid_square_5x5_spiral_small,
          minmay_the_grid_square_5x5_lines], layout_basic,
          ebering_ghost_reflecting_pool, hangedman_decor_riveting,
          nicolae_doodle_vault
Temple:   lightli_temple_of_artemis

Skill      XL: |  1  2  3  4  5  6  7  8  9 10 11 12 13 |
---------------+----------------------------------------+-----
Maces & Flails | 4 5 6 7 8 |  8.4
Fighting       | 4 5 6 7 9 11 12 14 | 14.3
Throwing       | 2 4 8 |  8.0
Armour         | 6 9 |  9.2
Invocations    | 7 8 |  8.7
Evocations     | 6 |  6.6
Dodging        | |  2.4

Action                     |  1- 3 |  4- 6 |  7- 9 | 10-12 | 13-15 || total
---------------------------+-------+-------+-------+-------+-------++-------
  Melee: Mace              |    61 |       |       |       |       ||    61
         Morningstar       |    29 |   121 |   262 |       |       ||   412
         Flail             |       |       |    77 |   463 |       ||   540
         Eveningstar       |       |       |       |    25 |    35 ||    60
  Throw: Javelin           |       |       |     2 |       |       ||     2
         Dart              |       |       |     4 |     7 |       ||    11
         Boomerang         |       |       |       |    14 |       ||    14
         Throwing net      |       |       |       |     1 |       ||     1
 Invoke: Heroism           |       |       |       |     3 |       ||     3
         Receive Weapon    |       |       |       |     1 |       ||     1
         Receive Armour    |       |       |       |     1 |       ||     1
    Use: Potion            |     1 |     1 |     2 |     2 |     1 ||     7
         Scroll            |     4 |     5 |     4 |     7 |       ||    20
   Stab: Invisible         |       |       |     1 |       |       ||     1
         Distracted        |       |       |       |       |     1 ||     1
 Armour: Robe              |    42 |       |       |       |       ||    42
         Scale mail        |    21 |    65 |       |       |       ||    86
         Ring mail         |       |    42 |   293 |   441 |       ||   776
         Leather armour    |       |       |       |   159 |    34 ||   193
  Dodge: Dodged            |    84 |   111 |   336 |   442 |     9 ||   982

Table legend: (Time is in decaauts)
 A = Elapsed time spent in this place.
 B = Non-inter-level travel time spent in this place.
 C = Inter-level travel time spent in this place.
 D = Time resting spent in this place.
 E = Time spent auto-exploring this place.
 F = Levels seen in this place.
 G = Mean time per level.
                   A        B        C        D        E       F      G
               +--------+--------+--------+--------+--------+-----+--------+
         Total |  12285 |  11684 |    601 |   3225 |   5880 |  13 |  945.0 |
       Dungeon |  11932 |  11346 |    586 |   3225 |   5738 |  11 | 1084.7 |
        Temple |     16 |      1 |     15 |      0 |      0 |   1 |   16.0 |
       Ossuary |    335 |    335 |      0 |      0 |    142 |   1 |  335.0 |
               +--------+--------+--------+--------+--------+-----+--------+

Top non-repeatable levels by time:
     D:8: 3438 daAuts
    D:11: 1146 daAuts
     D:9: 1057 daAuts
     D:5: 1012 daAuts
    D:10: 937 daAuts
     D:6: 927 daAuts
     D:1: 836 daAuts
     D:3: 814 daAuts
     D:4: 790 daAuts
     D:2: 510 daAuts
     D:7: 462 daAuts
 Ossuary: 335 daAuts
  Temple: 16 daAuts
